 Crawl Stoat Soup version 0.23-ish-327-87-g3a41155e8f (console) character file.

396 ceb the Grave Robber (level 6, -11/36 HPs)
             Began as a Faerie Dragon Necromancer on Mar 30, 2024.
             Killed from afar by Dowan (13 damage)
             ... with a puff of frost
             ... on level 4 of the Dungeon.
             The game lasted 00:08:43 (2734 turns).

ceb the Grave Robber (Faerie Dragon Necromancer)    Turns: 2734, Time: 00:08:44

Health: -11/36     AC:  7    Str:  6    XL:     6   Next: 82%
Magic:  10/10 (13) EV: 15    Int: 21    God:
Gold:   139        SH:  6    Dex: 12    Spells: 2/14 levels left

rFire    . . .     SeeInvis .   a - +0 short sword
rCold    . . .     Gourm    .   (shield restricted)
rNeg     . . .     Faith    .   (armour unavailable)
rPois    .         Spirit   .   (helmet restricted)
rElec    .         Warding  .   (no cloak)
rCorr    .         Reflect  .   (no gloves)
MR       .....     Harm     .   b - +0 pair of boots
Stlth    +.........             (no amulet)
HPRegen  1.12/turn              (no ring)
MPRegen  0.13/turn              (no ring)

@: flying, regenerating, 3 MP reserved for charms, 0.10 MP regen used to sustain
charms
A: small, sparkly, unfitting armour, magic attunement, magical scales, able to
fly
a: Stop Flying, End Permanent Enchantments


You were on level 4 of the Dungeon.
You were not hungry.

You visited 1 branch of the dungeon, and saw 4 of its levels.

You collected 139 gold pieces.

Inventory:

Hand Weapons
 a - a +0 short sword (weapon)
 v - a cursed +0 flail
Armour
 b - a +0 pair of boots (worn)
 q - a +0 pair of boots
Jewellery
 j - an uncursed amulet of faith {unknown}
 w - an uncursed amulet of harm {unknown}
Wands
 s - a wand of flame (33 charges)
 u - a wand of paralysis (8 charges)
Scrolls
 f - 3 scrolls of enchant weapon {unknown}
 g - 4 scrolls of identify {unknown}
 m - 3 scrolls of remove curse {unknown}
 n - a scroll of fog {unknown}
 x - a scroll of magic mapping {unknown}
Potions
 d - a potion of haste {unknown}
 e - 3 potions of heal wounds {unknown}
 h - 3 potions of flight {unknown}
 i - 2 potions of lignification {unknown}
 l - a potion of magic {unknown}
 o - a potion of mutation {unknown}
 p - a potion of curing {unknown}
 t - a potion of degeneration {unknown}
Comestibles
 c - 5 bread rations
 k - 3 fruits
 r - a meat ration
 z - 6 chunks of flesh


   Skills:
 + Level 4.7 Dodging
 - Level 1.2 Stealth
 + Level 4.9 Spellcasting
 + Level 6.7 Necromancy


You had 2 spell levels left.
You knew the following spells:

 Your Spells              Type           Power        Failure   Level  Hunger
a - Necrotise             Necr           25/25        1%          1    None
b - Regeneration          Chrm/Necr      19/200       26%         4    None
c - Animate Dead          Necr           N/A          7%          4    None
d - Vampiric Draining     Necr           33/200       1%          3    None

Your spell library contained the following spells:

 Spells                   Type           Power        Failure   Level  Hunger


Dungeon Overview and Level Annotations

Branches:
Dungeon (4/15)
 Temple: D:4-7

Altars:
Ashenzari
Elyvilon
Fedhas
Gozag Ihp'ix
Makhleb
Qazlal
Ru
Uskayaw
Xom
Zin
The Shining One

Annotations:
D:4 Dowan, Duvessa


Innate Abilities, Weirdness & Mutations

Your sparkly wings attract attention (Stealth-).
You are small and have problems with some larger weapons.
You cannot fit into any form of body armour.
Your spells do not cause hunger; their MP costs are reduced by 1.
Your shimmering scales repel attacks (AC +6, SH +6).
You can fly continuously.


Message History

Gang up on whom?
Press: ? - help, Dir - move target cursor, f/p - Duvessa
Aim: Duvessa, wielding a rapier of flaming and wearing a chain mail (moderately wounded, fast) Attack!
Duvessa hits you with a rapier of flaming!
Duvessa burns you.
Your hound skeleton bites Duvessa.
Casting: Necrotise (safe; 1% risk of failure)
Confirm with . or Enter, or press ? or * to list all spells.
Aiming: Necrotise (safe; 1% risk of failure)
Press: ? - help, Shift-Dir - straight line, f/p - Duvessa
Aim: Duvessa, wielding a rapier of flaming and wearing a chain mail (heavily wounded, fast, chance to defeat MR: 71%) Duvessa writhes in agony!
Duvessa hits you with a rapier of flaming!
* * * LOW HITPOINT WARNING * * *
Duvessa burns you.
* * * LOW HITPOINT WARNING * * *
Your hound skeleton bites Duvessa.
Dowan points at you and mumbles some strange words.
The puff of frost hits you!
You die...

#.........#.............
......Z@..#.............
......e...#.............
............[...........
#.......................
#......e................
#)......................
##......................
#............. .......
....... ....... .......
....... ....... >......
....... .......


You could see Duvessa, Dowan and a friendly hound skeleton.

Vanquished Creatures
  An ogre (D:4)
  Blork the orc (D:4)
  A hound (D:4)
  Natasha (D:3)
  A worker ant (D:4)
  5 adders
  2 gnolls (D:2)
  2 worms
  A dart slug (D:4)
  3 leopard geckos
  A ball python (D:3)
  7 bats
  2 giant cockroaches
  6 goblins
  6 hobgoblins
  5 jackals (D:3)
  7 kobolds
  2 weasels
  2 frilled lizards
  10 rats
66 creatures vanquished.

Vanquished Creatures (collateral kills)
  The ghost of ceb the Grave Robber, an amateur FDNe (D:3)
  Natasha (D:3)
  A gnoll (D:2)
  A worm (D:2)
  A leopard gecko skeleton (D:4)
5 creatures vanquished.

Grand Total: 71 creatures vanquished

Notes
Turn   | Place    | Note
-------+----------+-------------------------------------------
     0 | D:1      | ceb the Faerie Dragon Necromancer began the quest for the
                  | Orb.
     0 | D:1      | Reached XP level 1. HP: 11/11 MP: 3/3
    63 | D:1      | Upgraded the game from 0.23-ish-327-85-gad60674979 to
                  | 0.23-ish-327-87-g3a41155e8f
   168 | D:1      | Reached skill level 5 in Necromancy
   171 | D:1      | Reached XP level 2. HP: 17/17 MP: 5/5
   421 | D:1      | Reached XP level 3. HP: 21/21 MP: 7/7
  1050 | D:2      | Reached XP level 4. HP: 27/27 MP: 9/9
  1236 | D:2      | Found a hide-covered altar of Uskayaw.
  1409 | D:2      | Found a glowing silver altar of Zin.
  1410 | D:2      | Found an opulent altar of Gozag.
  1683 | D:3      | Noticed Natasha
  1683 | D:3      | Noticed ceb's ghost (amateur FDNe)
  1689 | D:3      | Killed Natasha
  1689 | D:3      | Reached XP level 5. HP: 31/31 MP: 10/10
  1694 | D:3      | Noticed Natasha
  1701 | D:3      | Final defeat of ceb's ghost.
  1704 | D:3      | Killed Natasha
  1851 | D:3      | Reached skill level 6 in Necromancy
  1964 | D:3      | Learned a level 4 spell: Regeneration
  1969 | D:3      | Learned a level 4 spell: Animate Dead
  1973 | D:3      | Found a blossoming altar of Fedhas.
  1980 | D:3      | Found a stormy altar of Qazlal.
  2212 | D:4      | Found a sacrificial altar of Ru.
  2221 | D:4      | Noticed Blork the orc
  2228 | D:4      | Killed Blork the orc
  2228 | D:4      | Reached XP level 6. HP: 36/36 MP: 12/12
  2235 | D:4      | Learned a level 3 spell: Vampiric Draining
  2593 | D:4      | Found a white marble altar of Elyvilon.
  2610 | D:4      | Found a glowing golden altar of the Shining One.
  2611 | D:4      | Found a shattered altar of Ashenzari.
  2613 | D:4      | Found a three-legged altar of Ihp'ix.
  2613 | D:4      | Found a shimmering altar of Xom.
  2648 | D:4      | Found a burning altar of Makhleb.
  2726 | D:4      | Noticed Dowan
  2727 | D:4      | Noticed Duvessa
  2734 | D:4      | Killed from afar by Dowan

Vault maps used:
D:1:      ncdulo_wetmaze, minmay_cupped
D:2:      grunt_temple_overflow_gold_and_silver, nicolae_overflow_crystal_walls
D:3:      grunt_temple_overflow_forces_of_nature, uniq_natasha
D:4:      nicolae_ru_awakened_eye, kennysheep_little_box,
          makhleb_blood_cavern_becter,
          chequers_temple_overflow_statue_of_worship, first_bread, uniq_duvessa,
          uniq_ijyb, uniq_blork_the_orc

Skill      XL: |  1  2  3  4  5 |
---------------+----------------+-----
Necromancy     | 5 6 |  6.7
Spellcasting   | 3 4 |  4.9
Dodging        | 3 4 |  4.7
Stealth        | |  1.2

Action                   |  1- 3 |  4- 6 || total
-------------------------+-------+-------++-------
Melee: Short sword       |     1 |     2 ||     3
 Cast: Necrotise         |    59 |    97 ||   156
       * Regeneration    |       |     2 ||     2
       Animate Dead      |       |     1 ||     1
  Eat: Chunk             |       |     5 ||     5
Armor: Skin              |     2 |    10 ||    12
Dodge: Dodged            |    15 |    30 ||    45
Block: Other             |     5 |    12 ||    17
* Casting counts for permanent charms are approximate representations of how often the player would have had to cast a non-permanent spell for the same benefits.

Table legend:
 A = Spawn XP
 B = Non-spawn XP
 C = Spawn XP percentage of total XP
 D = Spawn monster count
 E = Non-spawn monster count
 F = Spawn count percentage of total count
 G = Total turns spent on level
                    A         B        C        D         E        F      G
               +---------+---------+-------+---------+---------+-------+---------
         Total |      22 |     544 |   3.9 |       8 |      62 |  11.4 |  2734
               +---------+---------+-------+---------+---------+-------+---------
           D:1 |       3 |      35 |   7.9 |       3 |      21 |  12.5 |   979
           D:2 |      16 |      67 |  19.3 |       2 |      12 |  14.3 |   535
           D:3 |       3 |     142 |   2.1 |       3 |      22 |  12.0 |   690
           D:4 |       0 |     300 |   0.0 |       0 |       7 |   0.0 |   530
               +---------+---------+-------+---------+---------+-------+---------
